 Dungeon Crawl Stone Soup version 0.21-a0-113-g6841d05 (webtiles) character file.

46 sagitran the Skirmisher (level 3, 0/30 HPs)
             Began as a Demonspawn Abyssal Knight on July 11, 2017.
             Was a Follower of Lugonu.
             Slain by Robin
             ... wielding a +0 club
              (5 damage)
             ... on level 1 of the Dungeon on July 12, 2017.
             The game lasted 00:07:55 (2268 turns).

sagitran the Skirmisher (Demonspawn Abyssal Knight) Turns: 2268, Time: 00:07:56

Health: 0/30       AC:  4    Str: 13    XL:     3   Next: 44%
Magic:  4/4        EV: 11    Int: 13    God:    Lugonu [*.....]
Gold:   25         SH:  0    Dex: 12    Spells: 2/2 levels left

rFire    x . .     SeeInvis .   a - +1 mace
rCold    + . .     Gourm    .   (no shield)
rNeg     . . .     Faith    .   b - +0 leather armour
rPois    .         Spirit   .   f - +1 hat
rElec    .         Reflect  .   (no cloak)
rCorr    .         Harm     .   (no gloves)
MR       .....                  (no boots)
Stlth    +.........             (no amulet)
HPRegen  0.10/turn              h - ring of ice
MPRegen  0.09/turn              (no ring)

@: lethally poisoned (0 -> -7)
A: talons 1
a: Depart the Abyss, Renounce Religion


You were on level 1 of the Dungeon.
You worshipped Lugonu.
Lugonu was aware of your devotion.
You were not hungry.

You visited 1 branch of the dungeon, and saw 3 of its levels.
You visited the Abyss 1 time.

You collected 25 gold pieces.

Inventory:

Hand Weapons
 a - a +1 mace (weapon)
Armour
 b - a +0 leather armour (worn)
 f - a +1 hat (worn)
Jewellery
 h - a ring of ice (left hand)
Potions
 c - a potion of brilliance {unknown}
 d - a potion of degeneration {unknown}
 g - a potion of agility {unknown}
Comestibles
 i - a bread ration


   Skills:
 + Level 3.7 Fighting
 + Level 2.1 Maces & Flails
 + Level 2.2 Armour
 + Level 1.2 Dodging
 + Level 2.5 Invocations


You had 2 spell levels left.
You didn't know any spells.

Dungeon Overview and Level Annotations

Branches:
Dungeon (3/15)

Altars:

Annotations:
D:1 Jessica, Robin
D:2 Natasha


Innate Abilities, Weirdness & Mutations

You have sharp toenails.


Message History

You hit Jessica. You claw Jessica, but do no damage.
Jessica is moderately wounded.
You feel sick. Robin hits you with a club.
* * * LOW HITPOINT WARNING * * *
Jessica barely misses you. Robin closely misses you.
It was a potion of curing.
You feel better. Robin hits you with a club.
Jessica hits you with a dagger of venom!
* * * LOW HITPOINT WARNING * * *
You are lethally poisoned!
You feel better. Robin hits you with a club. Jessica barely misses you.
Robin hits you with a club.
You hit Jessica.
Jessica is almost dead.
Robin barely misses you.
Jessica hits you with a dagger of venom.
* * * LOW HITPOINT WARNING * * *
You are lethally poisoned!
Jessica points at you and mumbles some strange words.
You barely resist. Robin hits you with a club.
You die...

.......#)#
#..#.#
####.###.#
##.#.# #.#
#.# #.#(#
# #.# #.#
#.#.#
####.# #.#
#.#.#
.....# #.#
#...#
###### #.#
##..# ####
#.# #g@#
##.# #.#
#)@# ##.#
#.# ####
##.# #.#
##.# #.#
...# #.#
##.#####.#
#.......#
#########


You could see Robin (berserk) and Jessica.

Vanquished Creatures
  An adder (D:2)
  A dart slug (D:1)
  2 leopard geckos
  A ball python (D:1)
  2 bats (D:1)
  12 goblins
  4 hobgoblins (D:1)
  3 kobolds (D:1)
  2 frilled lizards (D:1)
  A bush (D:1)
29 creatures vanquished.

Notes
Turn   | Place    | Note
-------+----------+-------------------------------------------
     0 | Abyss:1  | sagitran the Demonspawn Abyssal Knight began the quest for the Orb.
     0 | Abyss:1  | Reached XP level 1. HP: 18/18 MP: 2/2
     0 | Abyss:1  | Upgraded the game from 0.21-a0-111-g52d2817 to 0.21-a0-113-g6841d05
    24 | D:1      | Escaped the Abyss
    74 | D:1      | Reached skill level 1 in Dodging
   324 | D:2      | Noticed Natasha
   375 | D:1      | Gained mutation: You have sharp toenails. [demonic ancestry]
   375 | D:1      | Reached XP level 2. HP: 16/24 MP: 3/3
  1413 | D:2      | Noticed Robin
  1745 | D:2      | Reached XP level 3. HP: 28/29 MP: 4/4
  2134 | D:2      | Noticed Jessica
  2268 | D:1      | Slain by Robin

Vault maps used:
D:1:      dpeg_arrival_chase, minmay_hedge_maze, kennysheep_doodads
D:2:      gammafunk_temple_overflow_pools, uniq_jessica,
          uniq_crazy_yiuf_cottage, uniq_natasha, uniq_robin
D:3:      okawaru_gym_becter, portal_sewer_entry_d, roderic_serpentine_path

Skill      XL: |  1  2 |
---------------+-------+-----
Dodging        | 1 |  1.2
Armour         | 2 |  2.2
Maces & Flails | 2 |  2.1
Fighting       | |  3.7
Invocations    | |  2.5

Action                   || total
-------------------------++-------
Melee: Mace              ||   201
       Kick              ||    60
  Use: Scroll            ||     1
       Potion            ||     2
  Eat: Bread ration      ||     1
Armor: Leather armour    ||    40
Dodge: Dodged            ||    83
